 Dungeon Crawl Stone Soup version 0.28.0-45-g0d030f2227 (webtiles) character file.

Game seed: 12456674335653473300

177 MisterFreud the Covert (level 5, -6/47 HPs)
             Began as a Gnoll Delver on Apr 11, 2022.
             Was a Believer of Qazlal.
             Killed by nerve-wracking pain
             ... invoked by Grinder
              (14 damage)
             ... while paralysed by Grinder
             ... on level 3 of the Dungeon.
             The game lasted 00:04:02 (2368 turns).

MisterFreud the Covert (Gnoll Delver)               Turns: 2368, Time: 00:04:02

Health: -6/47      AC:  6    Str: 11    XL:     5   Next: 57%
Magic:  7/7        EV:  2    Int: 12    God:    Qazlal [**....]
Gold:   133        SH:  0    Dex: 13    Spells: 7/7 levels left

rFire   . . .      SeeInvis .   i - +1 short sword (drain)
rCold   . . .      Faith    .   (no shield)
rNeg    . . .      Spirit   .   b - +0 leather armour
rPois   .          Reflect  +   m - +2 helmet
rElec   .          Harm     .   (no cloak)
rCorr   .          Rampage  .   (no gloves)
Will    .....                   (no boots)
Stlth   ++++......              q - amulet of reflection
HPRegen 0.15/turn               (no ring)
MPRegen 0.10/turn               (no ring)

@: paralysed
A: fangs 1, strong nose, distributed training
a: Renounce Religion, Upheaval


You were on level 3 of the Dungeon.
You worshipped Qazlal.
Qazlal was pleased with you.
You visited 1 branch of the dungeon, and saw 5 of its levels.

You collected 133 gold pieces.

Inventory:

Hand Weapons
 a - a +0 short sword
 i - a +1 short sword of draining (weapon)
Missiles
 h - 4 boomerangs (quivered)
Armour
 b - a +0 leather armour (worn)
 m - a +2 helmet (worn)
Jewellery
 q - an amulet of reflection (around neck)
Wands
 g - a wand of digging (3)
Scrolls
 c - a scroll of fog
 d - a scroll of magic mapping
 e - a scroll of fear
 j - a scroll of enchant weapon {unknown}
 l - a scroll of amnesia
 n - a scroll of silence
 p - a scroll of identify
Potions
 f - a potion of haste
 k - a potion of invisibility
 o - 2 potions of flight {unknown}
 r - a potion of might {unknown}


   Skills:
 + Level 6.7 Fighting
 + Level 4.8 Short Blades
 + Level 1.5 Long Blades
 + Level 1.5 Axes
 + Level 1.5 Maces & Flails
 + Level 1.5 Polearms
 + Level 1.5 Staves
 + Level 1.5 Slings
 + Level 1.5 Bows
 + Level 1.5 Crossbows
 + Level 1.5 Throwing
 + Level 1.5 Armour
 + Level 4.8 Dodging
 + Level 9.7 Stealth
 + Level 1.5 Shields
 + Level 1.5 Unarmed Combat
 + Level 1.5 Spellcasting
 + Level 1.2 Conjurations
 + Level 1.2 Hexes
 + Level 1.2 Summonings
 + Level 1.2 Necromancy
 + Level 1.2 Translocations
 + Level 1.2 Transmutations
 + Level 1.2 Fire Magic
 + Level 1.2 Ice Magic
 + Level 1.2 Air Magic
 + Level 1.2 Earth Magic
 + Level 1.2 Poison Magic
 + Level 1.7 Invocations
 + Level 1.5 Evocations


You had 7 spell levels left.
You didn't know any spells.
Your spell library contained the following spells:

 Spells                   Type           Power      Damage    Failure   Level
 Ignite Poison            Fire/Tmut/Pois 3%         N/A       56%         3
 Mephitic Cloud           Conj/Pois/Air  3%         N/A       56%         3
 Fireball                 Conj/Fire      1%         3d3       99%         5
 Freezing Cloud           Conj/Ice/Air   1%         6-21      99%         5
 Iskenderun's Battlesphe  Conj           3%         2d6       99%         5
 Conjure Ball Lightning   Conj/Air       1%         3x3d6     100%        6
 Orb of Destruction       Conj           1%         9d5       100%        7


Dungeon Overview and Level Annotations

Branches:
Dungeon (5/15)
 Temple: D:4-7

Altars:
Qazlal
Uskayaw

Annotations:
D:3 Grinder
D:4 Pargi


Innate Abilities, Weirdness & Mutations

You have very sharp teeth.
Your uncanny sense of smell can sniff out nearby items.
Your experience applies equally to all skills.


Message History

Grinder is lightly wounded.
Grinder gestures at you.
You barely resist. You hit Grinder. Your punch misses Grinder.
Grinder is moderately wounded.
You hit Grinder but do no damage.
Grinder is moderately wounded.
Grinder barely misses you.
You barely miss Grinder.
Grinder is moderately wounded.
Grinder hits you!
You writhe in agony.
You hit Grinder. Your punch misses Grinder. You bite Grinder, but do no damage.
Grinder is moderately wounded.
Grinder hits you.
You writhe in agony.
You hit Grinder. You punch Grinder, but do no damage.
You bite Grinder, but do no damage.
Grinder is moderately wounded.
Grinder gestures at you.
You barely resist.
You are too injured to fight recklessly!
You barely miss Grinder.
Grinder is moderately wounded.
Grinder hits you.
You writhe in agony.
You hit Grinder but do no damage.
Grinder is moderately wounded.
Grinder is struck by lightning.
You block Grinder's attack.
You completely miss Grinder.
Grinder is almost dead.
You hit Grinder.
Grinder is almost dead.
Grinder says, "Just stop there for a second..."
Grinder gestures at you.
You suddenly lose the ability to move!
Grinder hits you.
* * * LOW HITPOINT WARNING * * *
You writhe in agony.
* * * LOW HITPOINT WARNING * * *
Grinder gestures at you. Pain shoots through your body!
You die...

##### !. #.... ...
########.###
..##########......#.###
.'.............o......
#.....####S####.#.###
#.....# #o# #.#.# #...5.#
#.# #.#.# #[..@.# #.#
#.#.# #####...!.#
#.####.#.#
..........####.[......#
.....................o###
......................K..
................###.##.##
................# #.##.##
................# #.#....
...####.........###.#....


You could see Grinder.

Vanquished Creatures
  Terence (D:3)
  An orc wizard (D:3)
  Robin (D:2)
  5 adders
  A worm (D:2)
  3 orcs
  2 endoplasms (D:2)
  A giant cockroach (D:3)
  15 goblins
  7 hobgoblins
  3 jackals (D:1)
  3 quokkas (D:1)
  7 ball pythons
  2 bats
  4 frilled lizards
  5 kobolds
  3 rats
64 creatures vanquished.

Vanquished Creatures (others)
  A goblin (D:2)
1 creature vanquished.

Grand Total: 65 creatures vanquished

Notes
Turn   | Place    | Note
-------+----------+-------------------------------------------
     0 | D:5      | Reached skill level 9 in Stealth
     0 | D:5      | MisterFreud the Gnoll Delver began the quest for the Orb.
     0 | D:5      | Reached XP level 1. HP: 23/23 MP: 1/1
     3 | D:5      | Noticed a hound
    27 | D:4      | Reached XP level 2. HP: 23/29 MP: 2/2
    60 | D:2      | Noticed Robin
   334 | D:1      | Reached XP level 3. HP: 35/35 MP: 3/3
   533 | D:1      | Reached skill level 1 in Invocations
   702 | D:1      | Found a faded altar of an unknown god.
   759 | D:1      | Prayed at the altar of an unknown god.
   759 | D:1      | Became a worshipper of Qazlal Stormbringer
   759 | D:1      | Reached * piety under Qazlal
   812 | D:1      | Reached skill level 1 in Long Blades
   812 | D:1      | Reached skill level 1 in Axes
   812 | D:1      | Reached skill level 1 in Maces & Flails
   812 | D:1      | Reached skill level 1 in Polearms
   812 | D:1      | Reached skill level 1 in Staves
   812 | D:1      | Reached skill level 1 in Slings
   812 | D:1      | Reached skill level 1 in Bows
   812 | D:1      | Reached skill level 1 in Crossbows
   812 | D:1      | Reached skill level 1 in Throwing
   812 | D:1      | Reached skill level 1 in Armour
   812 | D:1      | Reached skill level 1 in Shields
   812 | D:1      | Reached skill level 1 in Unarmed Combat
   812 | D:1      | Reached skill level 1 in Spellcasting
   812 | D:1      | Reached skill level 1 in Evocations
   940 | D:2      | Reached XP level 4. HP: 24/41 MP: 5/5
   944 | D:2      | Killed Robin
  1214 | D:2      | Found a hide-covered altar of Uskayaw.
  1544 | D:2      | Reached skill level 1 in Conjurations
  1544 | D:2      | Reached skill level 1 in Hexes
  1544 | D:2      | Reached skill level 1 in Summonings
  1544 | D:2      | Reached skill level 1 in Necromancy
  1544 | D:2      | Reached skill level 1 in Translocations
  1544 | D:2      | Reached skill level 1 in Transmutations
  1544 | D:2      | Reached skill level 1 in Fire Magic
  1544 | D:2      | Reached skill level 1 in Ice Magic
  1544 | D:2      | Reached skill level 1 in Air Magic
  1544 | D:2      | Reached skill level 1 in Earth Magic
  1544 | D:2      | Reached skill level 1 in Poison Magic
  1764 | D:3      | Noticed Terence
  1804 | D:3      | Killed Terence
  1805 | D:3      | Reached XP level 5. HP: 39/47 MP: 6/6
  1872 | D:3      | Noticed Pargi
  1893 | D:3      | Noticed Grinder
  1968 | D:3      | Reached ** piety under Qazlal
  2366 | D:3      | Paralysed by Grinder for 4 turns
  2368 | D:3      | Killed from afar by Grinder

Illustrated notes

Levels and vault maps discovered:
D:1:      dpeg_arrival_shrine, layout_basic,
          shapermc_ecumenical_altar_mp_vishouse
D:2:      layout_rooms, basic_altar, uniq_robin
D:3:      layout_basic, uniq_grinder, uniq_terence, uniq_pargi
D:4:      layout_loops_cross, serial_forest, infiniplex_forest_straight_2,
          infiniplex_forest_split, infiniplex_forest_split,
          infiniplex_forest_lined_room_3, infiniplex_forest_join,
          infiniplex_forest_lined_2, uniq_eustachio
D:5:      layout_cave_pools, gammafunk_ghost_hive

Skill      XL: |  1  2  3  4 |
---------------+-------------+-----
Stealth        | |  9.7
Invocations    | 1 |  1.7
Long Blades    | 1 |  1.5
Axes           | 1 |  1.5
Maces & Flails | 1 |  1.5
Polearms       | 1 |  1.5
Staves         | 1 |  1.5
Slings         | 1 |  1.5
Bows           | 1 |  1.5
Crossbows      | 1 |  1.5
Throwing       | 1 |  1.5
Armour         | 1 |  1.5
Shields        | 1 |  1.5
Unarmed Combat | 1 |  1.5
Spellcasting   | 1 |  1.5
Evocations     | 1 |  1.5
Conjurations   | 1 |  1.2
Hexes          | 1 |  1.2
Summonings     | 1 |  1.2
Necromancy     | 1 |  1.2
Translocations | 1 |  1.2
Transmutations | 1 |  1.2
Fire Magic     | 1 |  1.2
Ice Magic      | 1 |  1.2
Air Magic      | 1 |  1.2
Earth Magic    | 1 |  1.2
Poison Magic   | 1 |  1.2
Fighting       | |  6.7
Short Blades   | |  4.8
Dodging        | |  4.8

Action                   |  1- 3 |  4- 6 || total
-------------------------+-------+-------++-------
Melee: Short sword       |    80 |   106 ||   186
       Bite              |     3 |    10 ||    13
       Punch             |     3 |     2 ||     5
  Use: Scroll            |       |     3 ||     3
 Stab: Sleeping          |    12 |       ||    12
Armor: Leather armour    |    18 |    28 ||    46
Dodge: Dodged            |    63 |    50 ||   113
Block: Other             |     2 |    10 ||    12
